[Event "*** SCC Grand Prix: Titled Tuesday Blitz"]
[Site "Chess.com"]
[Date "2020.07.21"]
[Round "2"]
[White "PawnEatingZombie"]
[Black "dolynachess"]
[Result "0-1"]
[WhiteElo "2240"]
[BlackElo "2455"]
[TimeControl "180+1"]
[EndTime "10:16:45 PDT"]
[Termination "dolynachess won on time"]

1. d4 Nf6 2. c4 c5 3. d5 b5 4. cxb5 a6 5. e3 d6 6. Nc3 g6 7. a4 Bg7 8. Nf3 O-O 9. Ra3 axb5 10. Bxb5 Ba6 11. O-O Ne8 12. e4 Nc7 13. Bxa6 Nbxa6 14. Bg5 Qd7 15. Qd2 Rfe8 16. Re1 Nb4 17. Bh6 Bh8 18. e5 Qf5 19. Ne4 Rad8 20. h3 Ncxd5 21. g4 Qc8 22.
exd6 exd6 23. Nfg5 Nb6 24. Rf3 Nc4 25. Qc1 Ne5 26.
Nf6+ Bxf6 27. Rxf6 Nbd3 28. Rxf7 Nxf7 29. Qc3 Rxe1+ 30. Kh2 Nfe5 0-1

[Event "*** SCC Grand Prix: Titled Tuesday Blitz"]
[Site "Chess.com"]
[Date "2020.07.21"]
[Round "2"]
[White "Jojo_1608"]
[Black "Savva09022009"]
[Result "0-1"]
[WhiteElo "2232"]
[BlackElo "2449"]
[TimeControl "180+1"]
[EndTime "10:16:45 PDT"]
[Termination "Savva09022009 won by resignation"]

1. d4 Nf6 2. c4 e6 3. Nc3 Bb4 4.
e3 d5 5. Ne2 dxc4 6. a3 Be7 7.
Ng3 c5 8. Bxc4 cxd4 9. exd4 O-O 10. O-O Nbd7 11. Bg5 Nb6 12. Ba2 Nbd5 13. Qd3 b6 14. Bb1 g6 15. Bh6 Re8 16. Nce4 Nxe4 17. Nxe4 Bb7 18.
Bc2 Nf6 19. f3 Rc8 20. Rac1 Nd5 21. Rfd1 Qd7 22. Ng5 Bf8 23. Bxf8 Rxf8 24. Qd2 Rfd8 25. Qf2 Qe7 26. Qh4 h5 27. g4 Nf4 28. gxh5 Nxh5 29.
Qg4 Rd5 30. h4 Rd7 31. Bb1 Rxc1 32. Rxc1 Rc7 33. Rxc7 Qxc7 34. Bd3 Qc1+ 35. Kf2 Qd2+ 36. Be2 Nf4 0-1

[Event "*** SCC Grand Prix: Titled Tuesday Blitz"]
[Site "Chess.com"]
[Date "2020.07.21"]
[Round "2"]
[White "White_Ghost"]
[Black "VALPARAISO37"]
[Result "1-0"]
[WhiteElo "2540"]
[BlackElo "2274"]
[TimeControl "180+1"]
[EndTime "10:16:47 PDT"]
[Termination "White_Ghost won by resignation"]

1. d4 Nf6 2. c4 e6 3. Nf3 d5 4. g3 dxc4 5. Bg2 Nc6 6. O-O Rb8 7.
e3 b5 8. a4 a6 9. axb5 axb5 10. b3 cxb3 11. Nbd2 Bd6 12. Qxb3 e5 13. d5 Ne7 14. e4 O-O 15. Bb2 Ng6 16. Rfc1 h6 17.
h3 Re8 18. Ba3 Bd7 19. Bxd6 cxd6 20. Qb4 Qb6 21. Rab1 Rec8 22. Nc4 Qc5 23. Nxd6 Qxb4 24. Rxc8+ Rxc8 25. Rxb4 Rc1+ 26. Kh2 Rc2 27. Nxb5 Rxf2 28.
Nd6 Re2 29. Rb8+ Kh7 30. Nxf7 Nxe4 31. N3xe5 Nxe5 32. Rh8+ Kg6 33. Nxe5+ Kf5 34. Nxd7 Nd2 35. Rf8+ Kg6 36. d6 h5 37. Ne5+ Kh7 38. d7 h4 39.
d8=Q Nf3+ 40. Nxf3 hxg3+ 41. Kxg3 Rxg2+ 42. Kxg2 g5 43. Nxg5+ Kg6 44. Qf6+ 1-0

[Event "*** SCC Grand Prix: Titled Tuesday Blitz"]
[Site "Chess.com"]
[Date "2020.07.21"]
[Round "2"]
[White "maciejos95"]
[Black "Iljushin_Alexey"]
[Result "1-0"]
[WhiteElo "2491"]
[BlackElo "2699"]
[TimeControl "180+1"]
[EndTime "10:16:49 PDT"]
[Termination "maciejos95 won by checkmate"]

1. e4 c6 2. d4 d5 3. Nc3 dxe4 4. Nxe4 Nf6 5. Nxf6+ gxf6 6. Nf3 h5 7. g3 Bg4 8. Bg2 h4 9. h3 Bxf3 10. Bxf3 hxg3 11. fxg3 e6 12. Bf4 Bd6 13. Qd2 Qc7 14. O-O-O Nd7 15. h4 O-O-O 16. h5 Bxf4 17. gxf4 f5 18.
Qe3 Rh6 19. Rdg1 Rdh8 20. Rg7 Nf6 21. Qe5 Qd7 22. Rhg1 a6 23. c3 Qc7 24. Qxc7+ Kxc7 25. Rxf7+ Kd6 26. Rgg7 c5 27. Rxb7 cxd4 28. cxd4 Nd5 29. Rgd7+ Kc6 30. Rbc7+ Kb6 31. Bxd5 exd5 32. Rc5 Rxh5 33.
Rdxd5 Rh2 34. Rc2 Rxc2+ 35. Kxc2 Rh2+ 36. Kb3 Rh5 37. Re5 Kc6 38. Kc4 Rh2 39. b4 Rc2+ 40. Kb3 Rd2 41. Rxf5 Rxd4 42. Rf6+ Kb5 43. a4# 1-0

[Event "*** SCC Grand Prix: Titled Tuesday Blitz"]
[Site "Chess.com"]
[Date "2020.07.21"]
[Round "2"]
[White "r31415"]
[Black "chessfrendz"]
[Result "0-1"]
[WhiteElo "2434"]
[BlackElo "2252"]
[TimeControl "180+1"]
[EndTime "10:16:49 PDT"]
[Termination "chessfrendz won by resignation"]

1. d4 d5 2. c4 e6 3. Nf3 Nf6 4. Nc3 Be7 5. Bf4 O-O 6. e3 dxc4 7. Bxc4 a6 8. O-O b5 9. Be2 Bb7 10. Qc2 Nbd7 11. Rfd1 Rc8 12. Rac1 c5 13. dxc5 Rxc5 14. Qb1 Qa8 15. b4 Rcc8 16. a4 bxa4 17. Nxa4 Be4 18.
Qb2 Rxc1 19. Rxc1 Nd5 20. Nc5 Nxc5 21. bxc5 Nxf4 22. exf4 Rb8 23. Qa2 a5 24. Qa4 Bc6 25. Qa3 a4 26. Ne5 Bxg2 27. f3 Bh3 28. Qd3 a3 29.
Ra1 Bxc5+ 30. Kh1 Qd5 31. Qc3 Qd4 32. Qc2 0-1

[Event "*** SCC Grand Prix: Titled Tuesday Blitz"]
[Site "Chess.com"]
[Date "2020.07.21"]
[Round "2"]
[White "krzyzan94"]
[Black "ZverevLev"]
[Result "1-0"]
[WhiteElo "2649"]
[BlackElo "2312"]
[TimeControl "180+1"]
[EndTime "10:16:50 PDT"]
[Termination "krzyzan94 won by resignation"]

1. d4 e6 2. e4 c5 3. Nf3 cxd4 4.
Nxd4 a6 5. Bd3 Qc7 6. O-O Nc6 7. Nxc6 bxc6 8. c4 Nf6 9. Nc3 Be7 10. Re1 d6 11. b3 O-O 12. Bb2 e5 13. Rc1 Be6 14. Na4 Rad8 15. Qe2 Qb8 16. c5 Nd7 17. cxd6 Bxd6 18.
Bxa6 Nb6 19. Nc5 Bc8 20. Bxc8 Qxc8 21. Qc2 Bxc5 22. Qxc5 Qa6 23. Qxe5 f6 24. Qe6+ Kh8 25. a4 Rd2 26. Bc3 Re2 27. Qxc6 Qd3 28. Rxe2 Qxe2 29. Qxb6 Rc8 30. Qd4 h6 31. Qd2 Qxe4 32. Bb2 Re8 33.
h3 Qe6 34. Qc3 Rb8 35. b4 Qe4 36. Ba3 Qd5 37. b5 Qe4 38. Qb4 Qe2 39. b6 Qa6 40. a5 Qb7 41. Qb5 Rd8 42. a6 Qe4 43. b7 Qf4 44. a7 Kh7 45. b8=Q Qxc1+ 46. Bxc1 1-0

[Event "*** SCC Grand Prix: Titled Tuesday Blitz"]
[Site "Chess.com"]
[Date "2020.07.21"]
[Round "2"]
[White "KNCP_719"]
[Black "2008king"]
[Result "0-1"]
[WhiteElo "2437"]
[BlackElo "2254"]
[TimeControl "180+1"]
[EndTime "10:16:50 PDT"]
[Termination "2008king won by resignation"]

1. e4 e5 2. Nf3 Nc6 3. d4 exd4 4. Bc4 Nf6 5. e5 d5 6. Bb5 Ne4 7. Nxd4 Bd7 8. Bxc6 bxc6 9. O-O Be7 10. f3 Nc5 11. f4 Ne4 12. Nc3 Nxc3 13. bxc3 O-O 14. f5 Bc5 15. f6 g6 16. Qd2 Re8 17. a4 Rxe5 18. Ba3 Bxa3 19. Rxa3 c5 20. Nf3 Rf5 21. g4 Rxf6 22.
Qxd5 Bxg4 23. Qxd8+ Rxd8 24. Ne5 Rxf1+ 25. Kxf1 Bh3+ 26.
Kf2 Rd2+ 27. Kg3 Bf5 28. Rb3 Rxc2 29. Rb8+ Kg7 30. Rb7 Rxc3+ 31. Kf2 Rc2+ 32. Kg3 c4 33. Rxc7 c3 34. Rxf7+ Kh6 35. Rc7 Be6 36. Nf3 Bd5 37. Nd4 Rg2+ 38. Kh3 Rd2 39. Nb5 c2 40. Nd6 Be6+ 0-1

[Event "*** SCC Grand Prix: Titled Tuesday Blitz"]
[Site "Chess.com"]
[Date "2020.07.21"]
[Round "2"]
[White "Biranidun"]
[Black "Artyom_ChessMate"]
[Result "0-1"]
[WhiteElo "2868"]
[BlackElo "2585"]
[TimeControl "180+1"]
[EndTime "10:16:51 PDT"]
[Termination "Artyom_ChessMate won on time"]

1. e4 c5 2. Nf3 d6 3. d4 cxd4 4. Nxd4 Nf6 5. Nc3 g6 6. f3 Bg7 7. Be3 O-O 8. Qd2 Nc6 9. Bc4 Bd7 10. O-O-O Rc8 11. Bb3 Ne5 12. Kb1 Re8 13. h4 h5 14.
g4 hxg4 15. h5 Nxh5 16. Bh6 e6 17. Rdg1 Qf6 18. fxg4 Bxh6 19. Qxh6 Qg7 20. Qd2 Nf6 21. g5 Nh5 22. Nce2 b5 23. Ng3 Nc4 24. Bxc4 Rxc4 25.
Nxh5 gxh5 26. Ne2 Rec8 27. Rc1 Rxe4 28. Ng3 Rg4 29. Nxh5 Qxg5 30. Qxd6 Bc6 31. Rh2 Be4 32.
Qd4 Bxc2+ 0-1

[Event "*** SCC Grand Prix: Titled Tuesday Blitz"]
[Site "Chess.com"]
[Date "2020.07.21"]
[Round "2"]
[White "ChristianAlm"]
[Black "Igor_Lysyj"]
[Result "0-1"]
[WhiteElo "2521"]
[BlackElo "2804"]
[TimeControl "180+1"]
[EndTime "10:16:52 PDT"]
[Termination "Igor_Lysyj won by resignation"]

1. d4 d5 2. Nf3 Nf6 3. Bf4 c5 4. e3 Nc6 5. Nc3 a6 6. Be2 Bg4 7. O-O e6 8. a3 cxd4 9. exd4 Be7 10. Re1 O-O 11. Ne5 Bxe2 12. Nxe2 Qb6 13. b4 a5 14.
Bg5 Qc7 15. Bf4 Nxe5 16. Bxe5 Qc4 17. c3 Nd7 18. Bg3 Rfc8 19. Qd2 Nf6 20. f3 Ra6 21. Rac1 Qb5 22. Nf4 axb4 23. cxb4 Rac6 24. Nd3 Rxc1 25.
Rxc1 Rxc1+ 26. Nxc1 Qc4 27. h3 Nd7 28. Bf4 h6 29.
Be3 Nb6 30. Qd3 Qc6 31. Nb3 Nc4 32. Nc5 b6 33. Na6 Bd6 34. Bc1 Qb5 0-1

[Event "*** SCC Grand Prix: Titled Tuesday Blitz"]
[Site "Chess.com"]
[Date "2020.07.21"]
[Round "2"]
[White "Kolle05"]
[Black "Azoulas1"]
[Result "1-0"]
[WhiteElo "2371"]
[BlackElo "2020"]
[TimeControl "180+1"]
[EndTime "10:16:52 PDT"]
[Termination "Kolle05 won by checkmate"]

1. e4 c5 2. Nf3 e6 3. d3 Nc6 4. g3 Nge7 5. Bg2 g6 6. O-O Bg7 7. Re1 O-O 8. c3 d6 9. d4 cxd4 10. cxd4 d5 11. e5 b6 12. Nc3 Na5 13. Bf4 Ba6 14. b3 Rc8 15. Qd2 Rc7 16. Rac1 Qd7 17. Nd1 Rxc1 18. Qxc1 Rc8 19. Qd2 Nac6 20. Ne3 Rc7 21.
Rc1 Qc8 22. Ng4 Nf5 23. Nf6+ Kh8 24. g4 Ncxd4 25. Rxc7 Nxf3+ 26. Bxf3 Qxc7 27. gxf5 gxf5 28. Bh6 Bxf6 29. exf6 Qe5 30. Qg5 Qe1+ 31. Kg2 Qf1+ 32. Kg3 Qg1+ 33. Bg2 f4+ 34. Kh3 Bf1 35. Qg7# 1-0

[Event "*** SCC Grand Prix: Titled Tuesday Blitz"]
[Site "Chess.com"]
[Date "2020.07.21"]
[Round "2"]
[White "13MiRacLe"]
[Black "Quattroporte300"]
[Result "0-1"]
[WhiteElo "2645"]
[BlackElo "2333"]
[TimeControl "180+1"]
[EndTime "10:16:53 PDT"]
[Termination "Quattroporte300 won by resignation"]

1. e4 e5 2. Nf3 Nc6 3. Bb5 a6 4. Ba4 Nf6 5. O-O Be7 6. d3 b5 7.
Bb3 d6 8. a3 O-O 9. Nc3 h6 10. h3 Be6 11. Nd5 Na5 12. Nxf6+ Bxf6 13. Bxe6 fxe6 14. b4 Nc6 15. Bd2 Kh7 16. c4 bxc4 17. dxc4 Nd4 18. Nxd4 exd4 19. f4 g6 20. Qg4 Qe7 21.
Rac1 c5 22. e5 dxe5 23. fxe5 Bxe5 24. Rfe1 Rf5 25. bxc5 Qxc5 26. Rb1 Ra7 27. Kh1 Raf7 28. Qh4 h5 29. Qe4 Qxc4 30. Rb7 Rf1+ 0-1

[Event "*** SCC Grand Prix: Titled Tuesday Blitz"]
[Site "Chess.com"]
[Date "2020.07.21"]
[Round "2"]
[White "CzechmVIII"]
[Black "kingofthenil"]
[Result "1/2-1/2"]
[WhiteElo "2195"]
[BlackElo "2420"]
[TimeControl "180+1"]
[EndTime "10:16:53 PDT"]
[Termination "Game drawn by repetition"]

1. e4 Nc6 2. Nf3 d5 3. exd5 Qxd5 4. Nc3 Qh5 5. Bb5 Bg4 6. Qe2 O-O-O 7. Bxc6 bxc6 8.
Qa6+ Kd7 9. Qd3+ Ke8 10. Qe4 Bxf3 11. gxf3 Qg6 12. d3 f5 13. Qc4 e5 14. Be3 Bd6 15.
O-O-O Ne7 16. Rhg1 Qf7 17. Qa4 g6 18. Qxa7 Kd7 19.
Qa4 Ra8 20. Qc4 Qe6 21. Qxe6+ Kxe6 22. Kb1 Nd5 23. Nxd5 cxd5 24. d4 e4 25. fxe4 fxe4 26. h4 Rhg8 27. Rg4 h5 28. Rg2 Be7 29. Rdg1 Kf7 30.
Bg5 Ra6 31. Bxe7 Kxe7 32. Rg5 Rd6 33. c3 c6 34. Kc2 Rf6 35. R1g2 Rf4 36. Rxg6 Rxg6 37.
Rxg6 Rxf2+ 38. Kb3 e3 39. Rg1 Kf6 40. Re1 e2 41. a4 Kf5 42. a5 Kg4 43. a6 Kxh4 44.
a7 Rf8 45. Rxe2 Ra8 46. Kb4 Rxa7 47. Kc5 Ra6 48. b3 Kg3 49. c4 dxc4 50. bxc4 h4 51.
Re7 h3 52. Rg7+ Kf2 53. Rh7 Kg2 54. d5 cxd5 55. cxd5 Ra3 56. d6 h2 57. Rxh2+ Kxh2 58. d7 Rd3 59. Kc6 Kg3 60. Kc7 Rc3+ 61. Kb7 Rd3 62. Kc7 Rc3+ 63. Kb7 Rb3+ 64. Kc7 Rc3+ 1/2-1/2

[Event "*** SCC Grand Prix: Titled Tuesday Blitz"]
[Site "Chess.com"]
[Date "2020.07.21"]
[Round "2"]
[White "HouseOfDurin"]
[Black "ApacheSVD"]
[Result "1-0"]
[WhiteElo "2061"]
[BlackElo "2358"]
[TimeControl "180+1"]
[EndTime "10:16:54 PDT"]
[Termination "HouseOfDurin won by resignation"]

1. d4 Nf6 2. Bg5 d5 3. Bxf6 exf6 4. e3 g6 5. c4 c6 6. cxd5 cxd5 7.
Nc3 Bg7 8. g3 O-O 9. Bg2 Be6 10.
Nge2 f5 11. Nf4 Qa5 12. Nxd5 Bxd5 13. Bxd5 Rd8 14. O-O Rxd5 15. Nxd5 Qxd5 16. Qb3 Qe4 17. Rac1 Na6 18. Qb5 Rd8 19. Rc4 f4 20. exf4 Bxd4 21. b3 Qf3 22. Rxd4 Rxd4 23. Qe8+ Kg7 24. Qe5+ Kh6 25.
Qxd4 Nc7 26. Rc1 Ne6 27. Qe5 Qg4 28. h4 a6 29. Kg2 a5 30. Rc8 Nxf4+ 31. Qxf4+ Qxf4 32.
gxf4 1-0

[Event "*** SCC Grand Prix: Titled Tuesday Blitz"]
[Site "Chess.com"]
[Date "2020.07.21"]
[Round "2"]
[White "ftorodent"]
[Black "diablanni"]
[Result "1-0"]
[WhiteElo "2633"]
[BlackElo "2332"]
[TimeControl "180+1"]
[EndTime "10:16:55 PDT"]
[Termination "ftorodent won on time"]

1. d4 Nf6 2. c4 c5 3. d5 b5 4. cxb5 a6 5. bxa6 g6 6. Nc3 Bxa6 7. e4 Bxf1 8. Kxf1 d6 9. Nf3 Bg7 10. g3 Nbd7 11. Kg2 O-O 12. a4 Qb6 13. Qc2 Qb4 14. Bd2 Rfb8 15. Rhb1 Qb3 16. Qc1 Ng4 17. Ra3 Qc4 18. b3 Qa6 19. Qf1 Nge5 20. Qxa6 Rxa6 21. Ne1 Rb4 22. Nc2 Nd3 23. f3 Rb7 24. Kf1 Nb4 25. Ne3 Ne5 26. Ke2 Ned3 27. Nc4 f5 28. Nb5 Kf7 29.
Bc3 fxe4 30. fxe4 Nc2 31. Kxd3 Nxa3 32. Ncxa3 1-0

[Event "*** SCC Grand Prix: Titled Tuesday Blitz"]
[Site "Chess.com"]
[Date "2020.07.21"]
[Round "2"]
[White "djogrodek1"]
[Black "PauloCesarCosta_sad"]
[Result "0-1"]
[WhiteElo "2514"]
[BlackElo "2202"]
[TimeControl "180+1"]
[EndTime "10:16:55 PDT"]
[Termination "PauloCesarCosta_sad won on time"]

1. d4 e6 2. Bf4 d5 3. e3 Bd6 4.
Bg3 Nf6 5. Nf3 c5 6. c3 Qc7 7. dxc5 Bxg3 8. hxg3 O-O 9. Nbd2 Qxc5 10. Bd3 h6 11.
Ne5 Nbd7 12. Ndf3 Qc7 13. Nxd7 Bxd7 14. Rc1 e5 15. Be2 Bc6 16. Kf1 Rfe8 17. Kg1 Rad8 18.
Qb3 Qd7 19. Qb4 b6 20. Qh4 Bb5 21. Bd1 Rc8 22. Nd2 d4 23. exd4 exd4 24. Nf3 Ng4 25.
Bb3 Re2 26. Nxd4 Qxd4 0-1

[Event "*** SCC Grand Prix: Titled Tuesday Blitz"]
[Site "Chess.com"]
[Date "2020.07.21"]
[Round "2"]
[White "SHIVACalypso"]
[Black "hansen"]
[Result "0-1"]
[WhiteElo "2341"]
[BlackElo "2901"]
[TimeControl "180+1"]
[EndTime "10:16:56 PDT"]
[Termination "hansen won by checkmate"]

1. Nf3 d5 2. c4 d4 3. e3 Nc6 4. exd4 Nxd4 5. Nxd4 Qxd4 6. Nc3 Nh6 7. d3 Nf5 8. Nb5 Qd8 9. Bf4 Nd6 10. Nxd6+ exd6 11. d4 Be7 12. Bd3 O-O 13. O-O Bf6 14. Bc2 Re8 15.
Qd2 Be6 16. d5 Bd7 17. Rab1 a5 18. Be3 g6 19. Bd4 Bxd4 20. Qxd4 b6 21. b3 Qg5 22.
Rfe1 Bh3 23. Be4 Re5 24. Bf3 Rae8 25. Rxe5 dxe5 26. Qe3 Qxe3 27. fxe3 Bd7 28. e4 f5 29.
Rc1 Kf7 30. c5 Ke7 31. cxb6 cxb6 32. Rc7 Rb8 33. Kf2 Kd6 34. Ra7 Rc8 35. Rb7 Rc2+ 36.
Ke3 Bb5 37. Rxb6+ Kc5 38. Rb8 f4# 0-1

[Event "*** SCC Grand Prix: Titled Tuesday Blitz"]
[Site "Chess.com"]
[Date "2020.07.21"]
[Round "2"]
[White "theblitzchamp"]
[Black "kobemagic"]
[Result "1-0"]
[WhiteElo "2659"]
[BlackElo "2316"]
[TimeControl "180+1"]
[EndTime "10:16:57 PDT"]
[Termination "theblitzchamp won by checkmate"]

1. d4 Nf6 2. Bf4 d5 3. e3 c5 4. Nd2 Nc6 5. c3 Bf5 6. Ngf3 e6 7. Ne5 Bd6 8. Qb3 Qc7 9. Ndf3 O-O 10. Nxc6 bxc6 11. Bxd6 Qxd6 12. Qa3 Ne4 13. Ne5 cxd4 14. Qxd6 Nxd6 15. exd4 Rfc8 16. Bd3 c5 17. Bxf5 Nxf5 18. dxc5 Rxc5 19. Nd3 Rc7 20. Ke2 Nd6 21. Rhd1 Rb8 22.
Rac1 a5 23. f3 Kf8 24. b4 axb4 25. cxb4 Nc4 26. a4 Ra7 27. a5 Ke7 28. Rc3 Rb5 29. Rb1 f6 30. Rbb3 Kd6 31. Nc5 Ra8 32. g3 Rab8 33. Nd3 Nxa5 34. Ra3 Nc4 35. Ra6+ R5b6 36. Ra7 R8b7 37. Ra8 Ne5 38. Nc5 Rb8 39. Ra7 d4 40. Ne4+ Kd5 41. Rc5# 1-0

[Event "*** SCC Grand Prix: Titled Tuesday Blitz"]
[Site "Chess.com"]
[Date "2020.07.21"]
[Round "2"]
[White "AungTZ"]
[Black "Tactictic"]
[Result "1-0"]
[WhiteElo "2027"]
[BlackElo "2355"]
[TimeControl "180+1"]
[EndTime "10:16:58 PDT"]
[Termination "AungTZ won by checkmate"]

1. e4 c5 2. Nf3 d6 3. Bb5+ Bd7 4. Bxd7+ Qxd7 5. O-O Nf6 6. Re1 Nc6 7. c3 e6 8. d4 cxd4 9. cxd4 d5 10. e5 Ne4 11.
Nbd2 Nxd2 12. Bxd2 Be7 13. Rc1 O-O 14. Qc2 Rfc8 15. Qd3 a6 16. h4 b5 17. g3 h6 18.
Kg2 Bb4 19. Rxc6 Qxc6 20. Bxb4 Qc2 21. Qxc2 Rxc2 22. Bc3 b4 23. Bxb4 Rxb2 24. a3 a5 25. Bc5 Rab8 26. Re3 Ra2 27. Ne1 Rbb2 28. Nd3 Rd2 29.
Rf3 g5 30. hxg5 hxg5 31. Re3 Rdc2 32. Kf3 Kg7 33. Kg4 Kg6 34. Be7 Rc4 35. Bc5 Rac2 36. f4 gxf4 37. Nxf4+ Kg7 38. Re1 R4c3 39. Rb1 Rf2 40.
Rb8 Rff3 41. Nh5+ Kg6 42. Rg8+ Kh7 43. Rg5 Rfd3 44. Nf6+ Kh6 45. Bf8# 1-0

[Event "*** SCC Grand Prix: Titled Tuesday Blitz"]
[Site "Chess.com"]
[Date "2020.07.21"]
[Round "2"]
[White "FloMaster111"]
[Black "Vuk2000"]
[Result "0-1"]
[WhiteElo "2265"]
[BlackElo "2609"]
[TimeControl "180+1"]
[EndTime "10:17:00 PDT"]
[Termination "Vuk2000 won by resignation"]

1. d4 e6 2. Nf3 Nf6 3. Nbd2 d5 4.
e3 Bd6 5. a3 Nbd7 6. c4 c5 7.
dxc5 Nxc5 8. b4 Nce4 9. Bb2 O-O 10. Qb3 b6 11. Bd3 Nxd2 12. Nxd2 Bb7 13. O-O Rc8 14.
Rad1 Bb8 15. Qa2 dxc4 16. Nxc4 Qc7 17. Be5 Qc6 18. f4 Ba6 19. Bxb8 Bxc4 20. Bxc4 Rxb8 21. Be2 Qc3 22. Rd3 Qc6 23. Bf3 Qc7 24. g3 e5 25. Rd2 Qc3 26. Re2 Rbd8 27. Rfe1 e4 28. Bg2 Rd3 29. a4 Qxb4 30. h3 Ra3 31. Qc2 h5 32. g4 hxg4 33. hxg4 Nxg4 34. Bxe4 Nf6 35. Bc6 Rc3 0-1

[Event "*** SCC Grand Prix: Titled Tuesday Blitz"]
[Site "Chess.com"]
[Date "2020.07.21"]
[Round "2"]
[White "QueenOfTactics90"]
[Black "dpopadic"]
[Result "0-1"]
[WhiteElo "2002"]
[BlackElo "2369"]
[TimeControl "180+1"]
[EndTime "10:17:00 PDT"]
[Termination "dpopadic won by resignation"]

1. e4 c5 2. Nf3 Nc6 3. d4 cxd4 4. Nxd4 Nf6 5. f3 e5 6. Nb3 d5 7. Bg5 dxe4 8. Qxd8+ Nxd8 9. Bxf6 gxf6 10. fxe4 Bh6 11. Nc3 O-O 12. Be2 Nc6 13. a3 f5 14. O-O f4 15. Rad1 Be6 16. Nc5 Nd4 17. Nxe6 fxe6 18.
Bd3 Rac8 19. Kh1 a6 20. Rf2 Rc7 21. Nb1 Rfc8 22. c3 Nb3 23. Nd2 Nc5 24. Bc4 b5 25. Ba2 Kf7 26. b4 Na4 27. c4 Rd8 28. c5 Nc3 29. Ra1 Rcd7 30. Nf1 Rd1 31. Rxd1 Rxd1 32. Bb3 Nxe4 33. Rxf4+ exf4 34. Bxd1 Nf2+ 0-1

[Event "*** SCC Grand Prix: Titled Tuesday Blitz"]
[Site "Chess.com"]
[Date "2020.07.21"]
[Round "2"]
[White "rasmussvane"]
[Black "Onegust"]
[Result "1-0"]
[WhiteElo "2898"]
[BlackElo "2574"]
[TimeControl "180+1"]
[EndTime "10:17:01 PDT"]
[Termination "rasmussvane won by resignation"]

1. Nf3 Nf6 2. g3 b6 3. Bg2 Bb7 4. O-O e6 5. d4 g6 6. c4 Bg7 7. Qc2 O-O 8. Nc3 d6 9. e4 Nbd7 10. Be3 a6 11. Rad1 Qe7 12. Rfe1 b5 13. e5 dxe5 14.
dxe5 Ng4 15. Bg5 Qe8 16. cxb5 axb5 17. Nxb5 Rxa2 18. Nxc7 Qc8 19. Be7 Ngxe5 20. Nxe5 Nxe5 21. Bxf8 Kxf8 22. Rxe5 Bxg2 23. Nxe6+ 1-0

[Event "*** SCC Grand Prix: Titled Tuesday Blitz"]
[Site "Chess.com"]
[Date "2020.07.21"]
[Round "2"]
[White "NormWeinstein"]
[Black "SidArun"]
[Result "1-0"]
[WhiteElo "2460"]
[BlackElo "2253"]
[TimeControl "180+1"]
[EndTime "10:17:01 PDT"]
[Termination "NormWeinstein won by resignation"]

1. e4 c6 2. d4 d5 3. exd5 cxd5 4.
c4 Nf6 5. Nc3 Nc6 6. Nf3 Bg4 7.
cxd5 Nxd5 8. Bc4 e6 9. O-O Bxf3 10. Qxf3 Nxd4 11. Qe4 Nxc3 12. bxc3 Nc6 13. Rb1 Qc7 14. Bf4 Bd6 15. Bxd6 Qxd6 16. Rxb7 O-O 17. Bd3 f5 18.
Qe3 Ne5 19. Bc2 Ng4 20. Qg3 Qxg3 21. hxg3 Rf7 22. Rfb1 Ne5 23. Ba4 Rc8 24. Rb8 Rc7 25. Bb3 Kf7 26. Rb5 Nd3 27. Rxf5+ Ke7 28. Rf3 Rxc3 29.
Kh2 R8c5 30. g4 Ne5 31. Rxc3 Rxc3 32. f3 a5 33. Re1 Kd6 34. Rd1+ Rd3 35. Rc1 Rd4 36.
Rc8 a4 37. Rd8+ Kc5 38. Rxd4 Kxd4 39. Bxa4 Nc4 40. Bb3 Na5 41. Bxe6 1-0

[Event "*** SCC Grand Prix: Titled Tuesday Blitz"]
[Site "Chess.com"]
[Date "2020.07.21"]
[Round "2"]
[White "Ramil_Faizrakhmanov"]
[Black "CrushingKings"]
[Result "1/2-1/2"]
[WhiteElo "2799"]
[BlackElo "2532"]
[TimeControl "180+1"]
[EndTime "10:17:02 PDT"]
[Termination "Game drawn by repetition"]

1. d4 Nf6 2. c4 g6 3. Nc3 Bg7 4. e4 d6 5. Nf3 Nbd7 6. h3 e5 7. d5 Nc5 8. Qc2 a5 9. Be3 b6 10. g4 Bd7 11. Be2 a4 12. Nd2 Ng8 13. g5 h6 14. h4 hxg5 15. Bxg5 Bf6 16. Rg1 Bxg5 17. hxg5 f5 18. gxf6 Qxf6 19. O-O-O Qxf2 20. Rxg6 O-O-O 21. Bg4 Bxg4 22. Rxg4 Nf6 23. Rgg1 Rh2 24. Rge1 Ng4 25. Re2 Qf4 26. Rxh2 Qxh2 27. Nf1 Qf4+ 28. Kb1 Rf8 29. a3 Qxf1 30. Rxf1 Rxf1+ 31. Ka2 Nb3 32. Nxa4 Nc1+ 33.
Kb1 Nd3+ 34. Ka2 Nc1+ 35. Kb1 Nd3+ 36. Ka2 Nc1+ 1/2-1/2

[Event "*** SCC Grand Prix: Titled Tuesday Blitz"]
[Site "Chess.com"]
[Date "2020.07.21"]
[Round "2"]
[White "ural58"]
[Black "anpospan"]
[Result "1-0"]
[WhiteElo "2530"]
[BlackElo "2273"]
[TimeControl "180+1"]
[EndTime "10:17:02 PDT"]
[Termination "ural58 won on time"]

1. e4 Nc6 2. d4 e5 3. dxe5 Nxe5 4.
f4 Ng6 5. Be3 Bb4+ 6. Nd2 d6 7.
c3 Bc5 8. Bxc5 dxc5 9. g3 Nf6 10. Qe2 O-O 11. O-O-O Bg4 12. Ndf3 Qe8 13. e5 Nh5 14. Qf2 Qa4 15. a3 Rfd8 16. Be2 c4 17. h3 Bf5 18.
Ne1 Qc6 19. Bxh5 Qe4 20. Nc2 Rxd1+ 21. Bxd1 Rd8 22. Nf3 Ne7 23. Re1 Qc6 24. Nfd4 Qb6 25. g4 Bd3 26. Be2 Nc6 27. Bxd3 cxd3 28. Nb4 Na5 29.
Kb1 c5 30. e6 cxd4 31. exf7+ Kxf7 32. cxd4 Nc4 33. Nxd3 Nxa3+ 34. Ka2 Nc4 35. Nc5 Qa5+ 36. Kb1 Nd2+ 37. Kc2 1-0

[Event "*** SCC Grand Prix: Titled Tuesday Blitz"]
[Site "Chess.com"]
[Date "2020.07.21"]
[Round "2"]
[White "AquivaRubinstein"]
[Black "ENajer77"]
[Result "0-1"]
[WhiteElo "2465"]
[BlackElo "2692"]
[TimeControl "180+1"]
[EndTime "10:17:04 PDT"]
[Termination "ENajer77 won by checkmate"]

1. d4 Nf6 2. c4 e6 3. Nf3 Bb4+ 4. Nbd2 O-O 5. a3 Be7 6. e4 d6 7. Bd3 e5 8. O-O exd4 9. Nxd4 a5 10. Nb1 Nc6 11. Nxc6 bxc6 12. Nc3 Nd7 13. Be3 Bf6 14. Qc2 Ne5 15. Be2 Ng4 16. Bxg4 Bxg4 17. Ne2 Bxe2 18.
Qxe2 Rb8 19. Rab1 Rb3 20. Rfd1 Qb8 21. Qd2 a4 22. Bd4 Bxd4 23. Qxd4 c5 24. Qd2 h6 25. f3 Qb6 26. Qc2 Rb8 27. h3 Rxb2 28. Rxb2 Qxb2 29. Qxa4 Qe2 30. Rf1 Rb2 31. Qe8+ Kh7 32. Qxf7 Qxg2# 0-1

[Event "*** SCC Grand Prix: Titled Tuesday Blitz"]
[Site "Chess.com"]
[Date "2020.07.21"]
[Round "2"]
[White "Ariadna_Atreides"]
[Black "Rud_Makarian"]
[Result "0-1"]
[WhiteElo "2102"]
[BlackElo "2611"]
[TimeControl "180+1"]
[EndTime "10:17:04 PDT"]
[Termination "Rud_Makarian won by resignation"]

1. Nf3 Nf6 2. c4 g6 3. b4 Bg7 4.
Bb2 a5 5. b5 O-O 6. g3 b6 7.
Bg2 Bb7 8. O-O d6 9. d3 Nbd7 10. a4 e5 11. Qc2 h6 12. Nbd2 Nc5 13. e3 Ne6 14. d4 Nd7 15. d5 Nec5 16. Rab1 Kh7 17.
Nb3 f5 18. Nxc5 Nxc5 19. Nd2 Qe7 20. f4 Rae8 21. fxe5 Bxe5 22. Bxe5 Qxe5 23. Rbe1 Bc8 24. Nf3 Qg7 25. Nd4 Bd7 26. Re2 Re5 27. Rfe1 Rfe8 28.
Qd1 h5 29. Kf2 Qh6 30. h4 g5 31. Qc2 gxh4 32. gxh4 Rg8 33. Bf3 Ne4+ 34. Bxe4 fxe4 35. Rg1 Qf6+ 36. Ke1 Rxg1+ 0-1

[Event "*** SCC Grand Prix: Titled Tuesday Blitz"]
[Site "Chess.com"]
[Date "2020.07.21"]
[Round "2"]
[White "fischercapa"]
[Black "FMalexhdez"]
[Result "1-0"]
[WhiteElo "2497"]
[BlackElo "2140"]
[TimeControl "180+1"]
[EndTime "10:17:04 PDT"]
[Termination "fischercapa won by checkmate"]

1. e4 c5 2. Nf3 d6 3. d4 cxd4 4. Nxd4 Nf6 5. Nc3 a6 6. Bc4 e5 7. Nde2 Be6 8. Bb3 Nbd7 9. Bg5 Be7 10. Bxf6 Nxf6 11. Qd3 Qc7 12. O-O O-O 13. Rac1 Rac8 14.
Nd5 Nxd5 15. exd5 Bd7 16. c4 f5 17. c5 e4 18. Qd2 Kh8 19. c6 bxc6 20. dxc6 Be8 21.
Nd4 Rf6 22. Be6 Rb8 23. Bxf5 d5 24. f3 Bd6 25. fxe4 Bxh2+ 26. Kh1 Rh6 27. Bh3 Be5 28. Rf8# 1-0